 Dungeon Crawl Stone Soup version 0.28.0-1-gb440e238dd (webtiles) character file.

Game seed: 14710096269688851930

2 H0rd4k the Magician (level 1, -3/10 HPs)
             Began as a Deep Elf Hedge Wizard on Feb 21, 2022.
             Slain by a goblin (4 damage)
             ... on level 1 of the Dungeon.
             The game lasted 00:00:27 (73 turns).

H0rd4k the Magician (Deep Elf Hedge Wizard)           Turns: 73, Time: 00:00:27

Health: -3/10      AC:  2    Str:  7    XL:     1   Next: 33%
Magic:  1/8        EV: 12    Int: 18    God:
Gold:   0          SH:  0    Dex: 14    Spells: 8/9 levels left

rFire   . . .      SeeInvis .   a - +0 dagger
rCold   . . .      Faith    .   (no shield)
rNeg    . . .      Spirit   .   b - +0 robe
rPois   .          Reflect  .   c - +0 hat
rElec   .          Harm     .   (no cloak)
rCorr   .          Rampage  .   (no gloves)
Will    .....                   (no boots)
Stlth   ++........              (no amulet)
HPRegen 0.03/turn               (no ring)
MPRegen 0.11/turn               (no ring)

@: no status effects
A: no striking features
a: no special abilities


You were on level 1 of the Dungeon.
You visited 1 branch of the dungeon, and saw 1 of its levels.

Inventory:

Hand Weapons
 a - a +0 dagger (weapon)
Armour
 b - a +0 robe (worn)
 c - a +0 hat (worn)


   Skills:
 + Level 2.6 Dodging
 - Level 2.4 Stealth
 + Level 4.5 Spellcasting
 + Level 1.1 Conjurations
 + Level 1.1 Summonings
 + Level 1.1 Translocations


You had 8 spell levels left.
You knew the following spells:

 Your Spells              Type           Power      Damage    Failure   Level
a - Magic Dart            Conj           32%        1d4       9%          1

Your spell library contained the following spells:

 Spells                   Type           Power      Damage    Failure   Level
 Slow                     Hex            16%        N/A       14%         1
 Blink                    Tloc           16%        N/A       14%         2
 Call Imp                 Summ           8%         N/A       14%         2
 Conjure Flame            Conj/Fire      6%         6-21      32%         3
 Mephitic Cloud           Conj/Pois/Air  5%         N/A       34%         3


Dungeon Overview and Level Annotations

Branches:
Dungeon (1/15)

Altars:


Message History

You barely miss the jackal. The jackal bites you.
* * * LOW HITPOINT WARNING * * *
The jackal closely misses you.
The jackal bites the plant.
The plant begins to die.
You closely miss the jackal.
The goblin hits the plant with a +0 club.
The jackal closely misses you.
The jackal completely misses the plant.
You aren't carrying any potions.
Unknown command.
As you read the scroll labelled VONEM WARAOBEQ, it crumbles to dust.
It is a scroll of identify.
You don't have any unidentified items.
The jackal misses you.
The jackal bites the plant.
The goblin hits the plant with a +0 club.
The jackal completely misses you.
Unknown command.
You are too injured to fight recklessly!
You are too injured to fight recklessly!
You are too injured to fight recklessly!
Casting: Magic Dart (safe; 9% risk of failure)
Confirm with . or Enter, or press ? or * to list all spells.
Aiming: Magic Dart (safe; 9% risk of failure)
Press: ? - help, Shift-Dir - straight line, f - jackal
Aim: a jackal (100% to hit)
The magic dart hits the jackal.
The jackal is severely wounded.
The jackal bites the plant.
The goblin hits the plant with a +0 club.
The jackal bites you but does no damage.
The jackal bites the plant.
You hit the plant.
The plant begins to die.
The plant is lightly damaged.
A nearby plant withers and dies.
The jackal bites you but does no damage.
You hit the plant.
The plant is lightly damaged.
The jackal bites you.
* * * LOW HITPOINT WARNING * * *
The jackal bites the bush.
The goblin hits you with a +0 club.
You die...

# #.# .......
###.# ...... .#.#
..... #.##
###...## .#.##
#...... ###.##
#...♣ #
##.######..♣♣♣♣♣♣
#.....g...♣..hP.♣
#..#######.♣♣hg@.♣
#..# #.♣♣PPPP♣ ###
#.♣♣♣♣.♣♣ #.. ..P
##. .♣♣# #..? ###


You could see 2 jackals and a goblin.

Vanquished Creatures
  2 jackals (D:1)
2 creatures vanquished.

Vanquished Creatures (others)
  A plant (D:1)
1 creature vanquished.

Grand Total: 3 creatures vanquished

Notes
Turn   | Place    | Note
-------+----------+-------------------------------------------
     0 | D:1      | H0rd4k the Deep Elf Hedge Wizard began the quest for the
                  | Orb.
     0 | D:1      | Reached XP level 1. HP: 10/10 MP: 7/7
    73 | D:1      | Slain by a goblin

Illustrated notes

Levels and vault maps discovered:
D:1:      minmay_arrival_diagonal_passages, layout_basic,
          chequers_ecumenical_altar_simple_redux, serial_forest,
          infiniplex_forest_split, infiniplex_forest_end_2,
          infiniplex_forest_clump_long, infiniplex_forest_lined_3_way,
          infiniplex_forest_clump_curved, minivault_11, due_unseen_surprise

Action                   || total
-------------------------++-------
Melee: Dagger            ||     6
 Cast: Magic Dart        ||    11
  Use: Scroll            ||     1
Armor: Robe              ||     4
Dodge: Dodged            ||    18
